 Dungeon Crawl Stone Soup version 0.17.0-28-g6e173f8 (webtiles) character file.

94 ShokerKer the Sneak (level 4, 0/31 HPs)
             Began as a Vampire Enchanter on Nov 23, 2015.
             Succumbed to Sigmund's poison
             ... on level 3 of the Dungeon.
             The game lasted 00:10:55 (2213 turns).

ShokerKer the Sneak (Vampire Enchanter)             Turns: 2213, Time: 00:10:55

Health: 0/31       AC:  3    Str:  2    XL:     4   Next: 38%
Magic:  1/7        EV: 13    Int: 18    God:
Gold:   109        SH:  0    Dex: 14    Spells: 3 memorised, 1 level left

rFire  . . .     SeeInvis +     a - +1 dagger
rCold  . . .     Clarity  .     b - +1 robe
rNeg   + . .     SustAt   .     (no shield)
rPois  .         Gourm    .     (no helmet)
rElec  .         Spirit   .     (no cloak)
rCorr  .         Warding  .     (no gloves)
rMut   .         Stasis   .     (no boots)
MR     .....                    (no amulet)
Stlth  +++.......               (no ring)
                                e - -5 ring of strength (curse)

@: lethally poisoned (0 -> -17), not resistant to hostile enchantments, fairly
stealthy
A: fangs 3, see invisible, unbreathing
a: Bat Form


You were on level 3 of the Dungeon.
You were not thirsty.

You visited 1 branch of the dungeon, and saw 3 of its levels.

You collected 109 gold pieces.

Inventory:

Hand Weapons
 a - a +1 dagger (weapon)
Armour
 b - a +1 robe (worn)
Jewellery
 e - a cursed -5 ring of strength (left hand)
Potions
 d - a potion of blood
 f - 2 potions of haste
Books
 c - a book of Maledictions

   Spells                             Type                      Level
   a - Corona                         Hexes                        1
   b - Ensorcelled Hibernation        Hexes/Ice                    2
   c - Confuse                        Hexes                        3
   d - Tukima's Dance                 Hexes                        3
   e - Dazzling Spray                 Conjuration/Hexes            3


   Skills:
 - Level 0.3 Fighting
 + Level 2.1 Short Blades
 + Level 3.0 Dodging
 + Level 5.6 Stealth
 + Level 2.1 Spellcasting
 + Level 5.4 Hexes


You had one spell level left.
You knew the following spells:

 Your Spells              Type           Power        Failure   Level  Hunger
a - Corona                Hex            ###....      1%          1    #......
b - Ensorcelled Hibernat  Hex/Ice        ##....       12%         2    ###....
c - Confuse               Hex            ###.....     10%         3    ###....


Dungeon Overview and Level Annotations

Branches:
Dungeon (3/15)

Altars:
Xom
Zin

Annotations:
D:3 Sigmund


Innate Abilities, Weirdness & Mutations

You have razor-sharp teeth.
You have supernaturally acute eyesight.
You can survive without breathing.


Message History

Aim: Sigmund, wielding a scythe of venom and wearing a robe (almost dead, chance to defeat MR: 50%) Sigmund is unaffected.
* * * LOW HITPOINT WARNING * * *
You feel sick. The bat barely misses you. The bat closely misses you.
Sigmund points at you and mumbles some strange words.
You resist with some effort.
You hit Sigmund.
Sigmund is almost dead.
* * * LOW HITPOINT WARNING * * *
You feel sick. The bat closely misses you. Sigmund looks at you with fury.
Sigmund casts a spell.
Sigmund flickers and vanishes for a moment.
You hit Sigmund.
Sigmund is almost dead.
* * * LOW HITPOINT WARNING * * *
You feel sick. The bat closely misses you.
Transforming will reduce your strength to zero.
Continue?
Okay, then.
You die...

#............#.##......#....#.#
##.#####.#####.........##.#.#.#
#.# #>..................)...
#.# ###############.#....#รท#
#.# #.. ...#..###.# #.# #.#
.....#..# #.#
#.######.#+##########.#..# #.#
#...................#.#... ...
#########...(@.@....#.#.####.#
..........b.....#.#.. ...
####............# #..
#............# #............#
#............# ..............#
###...%.......#


You could see Sigmund (invisible) and a bat.

Vanquished Creatures
  4 adders (D:2)
  2 worms (D:2)
  A giant gecko (D:1)
  10 bats
  A giant cockroach (D:2)
  4 goblins
  6 hobgoblins
  3 jackals (D:1)
  7 kobolds
  2 quokkas (D:2)
  3 ball pythons
  A giant newt (D:1)
  4 rats
48 creatures vanquished.

Notes
Turn   | Place    | Note
--------------------------------------------------------------
     0 | D:1      | ShokerKer the Vampire Enchanter began the quest for the Orb.
     0 | D:1      | Reached XP level 1. HP: 13/13 MP: 3/3
     0 | D:1      | Noticed an octopode zombie
     0 | D:1      | Noticed an octopode zombie
     2 | D:1      | Noticed a formicid zombie
     4 | D:1      | Noticed a merfolk zombie
     6 | D:1      | Noticed a vine stalker zombie
     8 | D:1      | Noticed a centaur zombie
     9 | D:1      | Noticed a troll zombie
    11 | D:1      | Noticed a human zombie
    14 | D:1      | Noticed a merfolk zombie
    17 | D:1      | Noticed an elf zombie
    19 | D:1      | Noticed a formicid zombie
   280 | D:1      | Reached XP level 2. HP: 12/20 MP: 5/5
   284 | D:1      | Learned a level 2 spell: Ensorcelled Hibernation
   602 | D:1      | Reached skill level 5 in Hexes
  1118 | D:1      | Reached XP level 3. HP: 23/25 MP: 6/6
  1123 | D:1      | Learned a level 3 spell: Confuse
  1378 | D:2      | Noticed an angel
  1379 | D:2      | Found a shimmering altar of Xom.
  1384 | D:2      | Found a glowing silver altar of Zin.
  1502 | D:2      | Reached skill level 5 in Stealth
  1602 | D:2      | Reached XP level 4. HP: 27/31 MP: 7/7
  2200 | D:3      | Noticed Sigmund
  2212 | D:3      | HP: 1/31 [poisoned by Sigmund]
  2213 | D:3      | Succumbed to Sigmund's poison

Action                   |  1- 3 |  4- 6 || total
-------------------------+-------+-------++-------
Melee: Dagger            |   117 |    35 ||   152
 Cast: Corona            |     5 |       ||     5
       Ensorcelled Hiber |     7 |     3 ||    10
       Confuse           |     1 |       ||     1
  Use: Scroll            |     2 |     2 ||     4
       Potion            |     4 |     1 ||     5
 Stab: Sleeping          |    12 |     4 ||    16
       Confused          |     2 |       ||     2
  Eat: Corpse            |     4 |     1 ||     5
